 Dungeon Crawl Stone Soup version 0.24.0-123-gd5b16e6ec5 (webtiles) character file.

Game seed: 314809081927976246, levelgen mode: deterministic

43 Emblim88 the Insei (level 3, -2/28 HPs)
             Began as a Gnoll Transmuter on Jan 3, 2020.
             Slain by a gnoll
             ... wielding a +0 spear
              (4 damage)
             ... on level 2 of the Dungeon.
             The game lasted 00:01:32 (1220 turns).

Emblim88 the Insei (Gnoll Transmuter)               Turns: 1220, Time: 00:01:33

Health: -2/28      AC:  2    Str: 12    XL:     3   Next: 58%
Magic:  9/9        EV: 14    Int: 16    God:
Gold:   70         SH:  0    Dex: 15    Spells: 11/12 levels left

rFire    . . .     SeeInvis .   c - +0 short sword
rCold    . . .     Gourm    .   (no shield)
rNeg     . . .     Faith    .   b - +0 robe
rPois    .         Spirit   .   (no helmet)
rElec    .         Reflect  .   (no cloak)
rCorr    +         Harm     .   (no gloves)
MR       .....                  (no boots)
Stlth    ++........             (no amulet)
HPRegen  0.09/turn              e - ring of resist corrosion
MPRegen  0.11/turn              (no ring)

@: no status effects
A: distributed training, fangs 1, strong nose
a: no special abilities


You were on level 2 of the Dungeon.
You were very hungry.

You visited 1 branch of the dungeon, and saw 2 of its levels.

You collected 70 gold pieces.

Inventory:

Hand Weapons
 c - a +0 short sword (weapon)
Missiles
 a - 44 arrows
Armour
 b - a +0 robe (worn)
Jewellery
 e - a ring of resist corrosion (left hand)
 h - an uncursed ring of stealth
Scrolls
 f - a scroll of enchant armour {unknown}
 g - a scroll of identify {unknown}
Potions
 i - a potion of flight {unknown}
 j - a potion of curing {unknown}
 k - a potion of lignification {unknown}
 l - 2 potions of degeneration {unknown}
 n - a potion of magic {unknown}
Comestibles
 d - a ration


   Skills:
 + Level 2.6 Fighting
 + Level 0.8 Short Blades
 + Level 0.8 Long Blades
 + Level 0.8 Axes
 + Level 0.8 Maces & Flails
 + Level 0.8 Polearms
 + Level 0.8 Staves
 + Level 0.8 Slings
 + Level 0.8 Bows
 + Level 0.8 Crossbows
 + Level 0.8 Throwing
 + Level 0.8 Armour
 + Level 4.5 Dodging
 + Level 0.8 Stealth
 + Level 0.8 Shields
 + Level 6.5 Unarmed Combat
 + Level 5.0 Spellcasting
 + Level 0.5 Conjurations
 + Level 0.5 Hexes
 + Level 0.5 Charms
 + Level 0.5 Summonings
 + Level 0.5 Necromancy
 + Level 0.5 Translocations
 + Level 3.7 Transmutations
 + Level 0.5 Fire Magic
 + Level 0.5 Ice Magic
 + Level 0.5 Air Magic
 + Level 0.5 Earth Magic
 + Level 0.5 Poison Magic
 + Level 1.0 Invocations
 + Level 0.8 Evocations


You had 11 spell levels left.
You knew the following spells:

 Your Spells              Type           Power        Failure   Level  Hunger
a - Beastly Appendage     Tmut           ###...       3%          1    None

Your spell library contained the following spells:

 Spells                   Type           Power        Failure   Level  Hunger
 Sticks to Snakes         Tmut           ###.....     4%          2    #......
 Spider Form              Tmut/Pois      ##........   19%         3    ###....
 Ice Form                 Ice/Tmut       ##......     52%         4    ####...
 Blade Hands              Tmut           ###.......   65%         5    ######.


Dungeon Overview and Level Annotations

Branches:
Dungeon (2/15)

Altars:


Innate Abilities, Weirdness & Mutations

Your experience applies equally to all skills.
You have very sharp teeth.
Your uncanny sense of smell can sniff out nearby items.


Message History

You are too injured to fight recklessly!
You are too injured to fight recklessly!
You are too injured to fight recklessly!
You are too injured to fight recklessly!
You are too injured to fight recklessly!
You are too injured to fight recklessly!
You are too injured to fight recklessly!
You are too injured to fight recklessly!
You are too injured to fight recklessly!
You are too injured to fight recklessly!
You are too injured to fight recklessly!
You are too injured to fight recklessly!
You are too injured to fight recklessly!
You are too injured to fight recklessly!
You are too injured to fight recklessly!
The gnoll barely misses you. The gnoll hits you with a +0 whip.
* * * LOW HITPOINT WARNING * * *
The gnoll hits you from afar with a +0 spear.
You die...

#.# #.# #.# #.# # #.####
.# ##....# #.# ##.###.#
#..#
####...##.########...####
+..............@gg......+
###...#...#######.....##
##.#.###.## .....# ##.##
##.# .....# #..# #.#
#...## #..## ##.# ####
#.#.###.## #.##...## #.
#####


You could see 2 gnolls.

Vanquished Creatures
  A worm (D:2)
  3 dart slugs (D:1)
  3 bats (D:1)
  2 giant cockroaches (D:1)
  8 goblins (D:1)
  3 hobgoblins (D:1)
  4 kobolds (D:1)
  3 frilled lizards
  5 rats
32 creatures vanquished.

Vanquished Creatures (others)
  A bat (D:1)
1 creature vanquished.

Grand Total: 33 creatures vanquished

Notes
Turn   | Place    | Note
-------+----------+-------------------------------------------
     0 | D:1      | Emblim88 the Gnoll Transmuter began the quest for the Orb.
     0 | D:1      | Reached XP level 1. HP: 17/17 MP: 6/6
    62 | D:1      | Reached XP level 2. HP: 21/23 MP: 7/7
   558 | D:1      | Reached XP level 3. HP: 27/28 MP: 9/9
   565 | D:1      | Reached skill level 5 in Spellcasting
  1176 | D:2      | Reached skill level 1 in Invocations
  1220 | D:2      | Slain by a gnoll

Levels and vault maps discovered:
D:1:      nicolae_arrival_washed_ashore, layout_basic, lemuel_old_faithful
D:2:      layout_loops_corners, nicolae_ru_great_annihilating_truth,
          minmay_diced_spiral

Skill      XL: |  1  2  3 |
---------------+----------+-----
Spellcasting   | 5 |  5.0
Invocations    | 1 |  1.0
Fighting       | |  2.6
Short Blades   | |  0.8
Long Blades    | |  0.8
Axes           | |  0.8
Maces & Flails | |  0.8
Polearms       | |  0.8
Staves         | |  0.8
Slings         | |  0.8
Bows           | |  0.8
Crossbows      | |  0.8
Throwing       | |  0.8
Armour         | |  0.8
Dodging        | |  4.5
Stealth        | |  0.8
Shields        | |  0.8
Unarmed Combat | |  6.5
Conjurations   | |  0.5
Hexes          | |  0.5
Charms         | |  0.5
Summonings     | |  0.5
Necromancy     | |  0.5
Translocations | |  0.5
Transmutations | |  3.7
Fire Magic     | |  0.5
Ice Magic      | |  0.5
Air Magic      | |  0.5
Earth Magic    | |  0.5
Poison Magic   | |  0.5
Evocations     | |  0.8

Action                   || total
-------------------------++-------
Melee: Unarmed           ||    13
       Short sword       ||   107
       Bite              ||     7
       Punch             ||     2
 Stab: Sleeping          ||     1
Armor: Robe              ||    29
Dodge: Dodged            ||    91
